 Dungeon Crawl Stone Soup version 0.28-a0-1560-g060a6a1bfc (webtiles) character file.

Game seed: 9175852162581995047

75852 Nattfarinn the Fighter (level 15, -9/114 HPs)
             Began as a Djinni Venom Mage on Jan 19, 2022.
             Was a High Priest of Makhleb.
             Mangled by an ogre (16 damage)
             ... on level 2 of the Orcish Mines.
             The game lasted 01:35:54 (24842 turns).

Nattfarinn the Fighter (Djinni Venom Mage)         Turns: 24842, Time: 01:35:54

Health: -9/114     AC: 12    Str: 19    XL:     15   Next: 99%
Gold:   1623       EV: 16    Int: 25    God:    Makhleb [*****.] SH:  0 Dex: 14

rFire   + + .      SeeInvis +   v - +9 battleaxe "Velarrot" {spect, Int+4}
rCold   . . .      Faith    .   (shield currently unavailable)
rNeg    . . .      Spirit   .   r - +3 leather armour {rC+}
rPois   ∞          Reflect  .   Z - +2 hat {Int+3}
rElec   .          Harm     .   e - +2 cloak
rCorr   .          Rampage  .   (no gloves)
Will    +....                   (boots unavailable)
Stlth   ++........              j - amulet of regeneration
HPRegen 1.09/turn               B - ring of see invisible
MPRegen 0.00/turn               s - +6 ring of strength

@: flying
A: sickness immunity, fire resistance 2, cold vulnerability 1, float, innate
caster, hp casting, extra vitality 1
a: Renounce Religion, Minor Destruction, Lesser Servant of Makhleb, Major
Destruction, Greater Servant of Makhleb


You were on level 2 of the Orcish Mines.
You worshipped Makhleb.
Makhleb was extremely pleased with you.
You visited 4 branches of the dungeon, and saw 24 of its levels.

You collected 1746 gold pieces.
You spent 123 gold pieces at shops.

Inventory:

Hand Weapons
 l - the +5 falchion "Haafuotu" {freeze, rPois}
   (You found it on level 5 of the Lair of Beasts)

   It freezes those it strikes, dealing additional cold damage.
   It can also slow down cold-blooded creatures.
   rPois:     It protects you from poison.
 v - the +9 battleaxe "Velarrot" (weapon) {spect, Int+4}
   (You found it on level 9 of the Dungeon)

   When its wielder attacks, the weapon's spirit leaps out and strikes again.
   The spirit shares a part of any damage it takes with its wielder.
   Int:       It affects your intelligence (+4).
 G - the +8 spear "Ox" {flame, rPois}
   (You found it on level 10 of the Dungeon)

   It burns those it strikes, dealing additional fire damage.
   rPois:     It protects you from poison.
 P - the +4 whip of Taxation {holy, rPois rF+ Will++ rCorr Str-2}
   (You found it on level 3 of the Lair of Beasts)

   It has been blessed by the Shining One to cause great damage to the undead
   and demons.
   Str:       It affects your strength (-2).
   rF:        It protects you from fire.
   rPois:     It protects you from poison.
   rCorr:     It protects you from acid and corrosion.
   Will:      It greatly increases your willpower.
Missiles
 t - a throwing net
Armour
 e - a +2 cloak (worn)
 r - a +3 leather armour of cold resistance (worn)
 Z - a +2 hat of intelligence (worn)
Jewellery
 j - an amulet of regeneration (around neck)
 m - a ring of willpower
 q - an amulet of the acrobat
 s - a +6 ring of strength (right hand)
 B - a ring of see invisible (left hand)
 C - a +4 ring of evasion
 O - a +4 ring of slaying
 Q - a ring of ice
 U - a +4 ring of evasion
 W - a ring of resist corrosion
Wands
 a - a wand of polymorph (4)
 k - a wand of paralysis (26)
 A - a wand of digging (3)
 E - a wand of iceblast (8)
 T - a wand of charming (3)
 X - a wand of flame (34)
 Y - a wand of mindburst (5)
Scrolls
 f - 8 scrolls of teleportation
 u - 3 scrolls of immolation
 w - 3 scrolls of fog
 x - a scroll of brand weapon
 y - a scroll of amnesia
 I - 3 scrolls of holy word
 J - a scroll of enchant weapon
 L - a scroll of vulnerability
 N - a scroll of identify
 V - 2 scrolls of fear
Potions
 b - 4 potions of resistance
 c - a potion of curing
 d - a potion of attraction {unknown}
 g - 3 potions of haste {unknown}
 h - 4 potions of flight
 i - 3 potions of degeneration
 n - a potion of berserk rage {unknown}
 p - a potion of invisibility {unknown}
 z - 4 potions of ambrosia
 H - a potion of cancellation
 K - 2 potions of might
 M - 3 potions of lignification
 S - a potion of brilliance {unknown}
Miscellaneous
 D - a tin of tremorstones (2/2)
 F - a phantom mirror (inert)


   Skills:
 - Level 13.0 Fighting
 - Level 6.2 Long Blades
 + Level 10.6 Armour
 - Level 10.6 Dodging
 - Level 1.5 Stealth
 - Level 12.0 Spellcasting
 - Level 10.9 Invocations


You had 4 spell levels left.
You knew the following spells:

 Your Spells              Type           Power      Damage    Failure   Level
a - Sting                 Tmut/Pois      100%       1d8       1%          1
b - Poisonous Vapours     Pois/Air       100%       N/A       1%          2
c - Mephitic Cloud        Conj/Pois/Air  66%        N/A       1%          3
d - Olgreb's Toxic Radia  Pois           66%        N/A       1%          4
e - Pain                  Necr           100%       1d9       1%          1
f - Ensorcelled Hibernat  Hex/Ice        100%       N/A       1%          2
g - Call Canine Familiar  Summ           66%        N/A       1%          3
h - Inner Flame           Hex/Fire       66%        N/A       1%          3
i - Cause Fear            Hex            33%        N/A       1%          4
j - Blade Hands           Tmut           33%        N/A       1%          5
k - Eringya's Noxious Bo  Tmut/Pois      33%        N/A       4%          6
Your spell library was empty.

Dungeon Overview and Level Annotations

Branches:
Dungeon (15/15)            Temple (1/1) D:5            Lair (6/6) D:9
  Swamp (0/4) Lair:2        Snake (0/4) Lair:4        Slime (0/5) Lair:5
    Orc (1/2) D:11         Vaults (0/5) D:14         Depths (0/4) D:15

Altars:
Ashenzari
Cheibriados
Dithmenos
Elyvilon
Fedhas
Gozag
Hepliaklqana
Kikubaaqudgha
Makhleb
Nemelex Xobeh
Okawaru
Qazlal
Ru
Sif Muna
Trog
Uskayaw
Vehumet
Wu Jian
Xom
Yredelemnul
Zin
The Shining One
Beogh
Jiyva

Shops:
D:11 *(:?:   Orc:2 ([

Portals:
Trove: D:15 (give horn of Geryon)

Annotations:
D:13 2 runed translucent doors, Asabatre's ghost, journeyman MiBe
Lair:6 3 runed translucent doors, Geikaofo's ghost, journeyman SpEn; Nattfarinn's ghost, journeyman HOFi
Orc:2 Saint Roka


Innate Abilities, Weirdness & Mutations

You are immune to sickness and miasma.
You are immune to poison.
Your flesh is very heat resistant. (rF++)
You are vulnerable to cold. (rC-)
You float through the air rather than walking.
You learn spells naturally, not from books.
Your magical power is your life essence.
You have superior vitality. (+4 MHP)


Message History

* * * LOW HITPOINT WARNING * * *
The orc closely misses you. The orc warrior misses you.
The orc barely misses you.
Unknown command.
Unknown command.
You feel better.
You kill the orc!
Makhleb accepts your kill.
You feel better.
The orc warrior hits you but does no damage.
Press: ? - help, v - describe, . - travel
Here: Saint Roka, wielding a +2 war axe of flaming and wearing a +0 chain mail (almost dead, very poisoned)
The floor.
Unknown command.
Unknown command.
Casting: Olgreb's Toxic Radiance (safe; 1% risk of failure)
Confirm with . or Enter, or press ? or * to list all spells.
You begin to radiate toxic energy.
The orc warrior is poisoned.
Saint Roka looks as sick as possible!
You kill the orc warrior!
Makhleb accepts your kill.
You feel better.
The ogre is poisoned.
* * * LOW HITPOINT WARNING * * *
The orc warrior looks even sicker.
Saint Roka mumbles some strange prayers to Beogh against you.
Beogh smites you!
* * * LOW HITPOINT WARNING * * *
An orc comes into view. It is wielding a +0 hand axe.
You feel better.
The orc warrior looks even sicker.
The orc is poisoned.
Your toxic aura wanes.
The ogre misses you.
You feel better.
The orc priest looks more healthy.
The orc warrior hits you from afar with a +0 glaive.
* * * LOW HITPOINT WARNING * * *
The orc priest hits you but does no damage.
Saint Roka mumbles some strange prayers to Beogh against you.
Beogh smites you!
* * * LOW HITPOINT WARNING * * *
The ogre hits you with a +0 giant club!
You die...

..)..).......8.o........#
##)..).)..)#####))..#..##
#...)....)..# ##..)#####
...#))...#...##.......##
..##.....##...##.......#
.# #)....# #...###o...##
# #8...8# #.∩#.o))###
#....)# ####o.)##
........# #...@O..#
....#.......o..#...##
..............###.##
#.#.#......$## ###
...#......### . . #.#....


You could see Saint Roka (very poisoned), an orc warrior (very poisoned), an
ogre (poisoned), an orc priest and an orc (poisoned).

Vanquished Creatures
  Rupert (Lair:5)
  Gastronok (D:12)
  Josephine (D:14)
  A fire dragon (D:15)
  An ice dragon (D:15)
  Fannar (Lair:3)
  3 boulder beetles
  A hydra (Lair:1)
  2 catoblepae (Lair:6)
  3 centaur warriors
  4 two-headed ogres
  A tengu warrior (D:15)
  An orc high priest (Orc:2)
  4 death yaks (Lair:6)
  Nergalle (Lair:3)
  Sonja (Lair:5)
  3 skeletal warriors (D:15)
  2 lindwurms (Lair:6)
  2 orc knights (Orc:2)
  2 ugly things (D:13)
  3 cyclopes
  Maurice (D:10)
  5 manticores
  7 elephants
  8 black mambas
  Maggie (D:7)
  An ice statue (D:12)
  2 gargoyles
  Psyche (D:8)
  10 cane toads
  An unseen horror (D:13)
  A kobold demonologist (D:13)
  A yaktaur (D:15)
  2 freezing wraiths (D:15)
  2 rime drakes (Lair:6)
  11 komodo dragons
  6 ice devils (D:12)
  A tengu conjurer (D:14)
  3 meliai (D:14)
  2 hornets
  A queen bee (Lair:1)
  2 polar bears (Lair:6)
  5 trolls
  A blink frog (shapeshifter) (D:14)
  15 blink frogs
  14 slime creatures
  A shadow (D:12)
  37 yaks
  11 wyverns
  5 wraiths (D:14)
  4 steam dragons
  4 basilisks
  11 humans (D:14)
  Grum (D:8)
  4 vampire mosquitoes (D:14)
  3 swamp worms (Lair:2)
  2 wargs (Orc:2)
  A naga (Lair:4)
  13 water moccasins
  5 acid dragons
  12 orc warriors
  3 sky beasts (D:11)
  4 black bears
  2 ice beasts (D:6)
  3 boggarts (D:14)
  7 ogres
  26 wolves
  2 necrophages
  A centaur (D:10)
  A phantom (D:4)
  Blork the orc (Orc:2)
  14 bullfrogs
  A wyvern zombie (D:8)
  4 scorpions
  3 wyvern skeletons (D:7)
  A water moccasin skeleton (D:4)
  14 killer bees
  14 wights
  4 howler monkeys
  3 electric eels
  A lava snake (D:9)
  A centaur zombie (D:9)
  A bullfrog zombie (D:6)
  3 hounds
  A bullfrog skeleton (D:6)
  12 orc priests
  A centaur skeleton (D:7)
  A jelly (D:4)
  3 iguanas
  10 orc wizards
  14 gnolls
  7 adders
  A shadow imp (D:7)
  6 ufetubi (D:12)
  2 dart slugs
  42 orcs
  5 ball pythons
  7 endoplasms
  A giant cockroach (D:4)
  8 goblins
  4 hobgoblins
  5 jackals (D:1)
  2 quokkas
  6 bats
  2 frilled lizards (D:1)
  4 kobolds
  7 rats
522 creatures vanquished.

Vanquished Creatures (collateral kills)
  6 hydras
  A two-headed ogre (D:6)
  A wyvern (D:5)
  A water moccasin (D:6)
  A wyvern zombie (D:8)
  A bullfrog skeleton (D:6)
  A white imp (D:6)
12 creatures vanquished.

Vanquished Creatures (others)
  2 hydras (D:15)
  A wizard (D:14)
  An orc knight (Orc:2)
  2 orc sorcerers (Orc:2)
  A human (D:14)
  6 orc warriors (Orc:2)
  3 orc priests (Orc:2)
  6 orc wizards (Orc:2)
  A hell rat (Lair:6)
  A bush (Lair:5)
  28 fungi
  84 plants
  6 withered plants (Lair:6)
142 creatures vanquished.

Grand Total: 676 creatures vanquished

Notes
Turn   | Place    | Note
-------+----------+-------------------------------------------
     0 | D:1      | Nattfarinn the Djinni Venom Mage began the quest for the
                  | Orb.
     0 | D:1      | Reached XP level 1. HP: 15/15 MP: 0/0
   240 | D:1      | Reached XP level 2. HP: 19/21 MP: 0/0
   866 | D:1      | Reached XP level 3. HP: 11/25 MP: 0/0
   866 | D:1      | Learned a level 1 spell: Pain
  1294 | D:1      | Found a faded altar of an unknown god.
  2106 | D:2      | Reached XP level 4. HP: 31/31 MP: 0/0
  2369 | D:3      | Reached XP level 5. HP: 32/35 MP: 0/0
  2369 | D:3      | Learned a level 2 spell: Ensorcelled Hibernation
  2698 | D:4      | Noticed a phantom
  2775 | D:4      | Noticed an orc warrior
  2831 | D:4      | Killed an orc warrior
  2832 | D:4      | Reached skill level 5 in Spellcasting
  2832 | D:4      | Reached XP level 6. HP: 35/40 MP: 0/0
  3267 | D:4      | Found a stormy altar of Qazlal.
  3277 | D:4      | Found a blossoming altar of Fedhas.
  3451 | D:4      | Reached XP level 7. HP: 43/45 MP: 0/0
  3451 | D:4      | Learned a level 3 spell: Call Canine Familiar
  3761 | D:4      | Reached skill level 1 in Fighting
  3863 | D:4      | Reached skill level 2 in Fighting
  4018 | D:5      | Entered Level 5 of the Dungeon
  4046 | D:5      | Reached skill level 3 in Fighting
  4134 | D:5      | Reached XP level 8. HP: 52/58 MP: 0/0
  4180 | D:5      | Noticed a wyvern
  4195 | D:5      | Killed a wyvern
  4196 | D:5      | Reached skill level 5 in Fighting
  4284 | D:5      | Found a staircase to the Ecumenical Temple.
  4294 | Temple   | Entered the Ecumenical Temple
  4732 | D:5      | Reached skill level 6 in Fighting
  5052 | D:6      | Reached skill level 7 in Fighting
  5052 | D:6      | Reached XP level 9. HP: 52/68 MP: 0/0
  5052 | D:6      | Learned a level 3 spell: Inner Flame
  5068 | D:6      | Reached skill level 8 in Fighting
  5186 | D:6      | Noticed a two-headed ogre
  5407 | D:6      | Reached skill level 9 in Fighting
  5501 | D:6      | Killed a two-headed ogre
  5502 | D:6      | Reached skill level 10 in Fighting
  5649 | D:6      | Found a burning altar of Makhleb.
  5701 | D:6      | Reached XP level 10. HP: 76/81 MP: 0/0
  5752 | D:6      | Reached skill level 11 in Fighting
  6083 | D:7      | Noticed Maggie
  6101 | D:7      | Killed Maggie
  6329 | D:7      | Reached skill level 12 in Fighting
  6992 | D:8      | Noticed Psyche
  6993 | D:8      | Paralysed by Psyche for 4 turns
  7432 | D:8      | Killed Psyche
  7433 | D:8      | Reached skill level 13 in Fighting
  7593 | D:8      | Reached skill level 1 in Long Blades
  7772 | D:8      | Noticed Grum
  7784 | D:8      | Killed Grum
  7785 | D:8      | Reached XP level 11. HP: 58/92 MP: 0/0
  7785 | D:8      | Learned a level 4 spell: Cause Fear
  8128 | D:9      | Reached skill level 5 in Long Blades
  8251 | D:9      | Found a staircase to the Lair.
  8271 | D:9      | Identified the +9 battleaxe "Velarrot" {spect, Int+4}
  9034 | D:6      | Became a worshipper of Makhleb the Destroyer
  9129 | D:10     | Entered Level 10 of the Dungeon
  9235 | D:10     | Identified the +8 spear "Ox" {flame, rPois}
  9287 | D:10     | Found a hide-covered altar of Uskayaw.
  9356 | D:10     | Noticed a two-headed ogre
  9361 | D:10     | Killed a two-headed ogre
  9362 | D:10     | Reached XP level 12. HP: 69/98 MP: 0/0
  9787 | D:10     | Found an iron altar of Okawaru.
  9831 | D:10     | Identified the +5 dagger "Suic" {flame, rPois}
  9940 | D:10     | Noticed Maurice
  9999 | D:10     | Killed Maurice
 10099 | D:11     | Found Vuthri Lajaqe's Assorted Antiques.
 10108 | D:11     | Noticed a centaur warrior
 10198 | Lair:1   | Entered Level 1 of the Lair of Beasts
 10198 | Lair:1   | Noticed a four-headed hydra
 10207 | Lair:1   | Killed a six-headed hydra
 10385 | Lair:1   | Noticed a five-headed hydra
 10676 | Lair:1   | Reached * piety under Makhleb
 10677 | Lair:1   | Reached skill level 10 in Spellcasting
 10864 | Lair:1   | Noticed a six-headed hydra
 10884 | Lair:1   | Killed a six-headed hydra
 11064 | Lair:1   | Killed a five-headed hydra
 11198 | Lair:2   | Found a staircase to the Swamp.
 11312 | Lair:2   | Noticed a four-headed hydra
 11739 | Lair:2   | Reached ** piety under Makhleb
 11936 | Lair:2   | Killed a four-headed hydra
 11937 | Lair:2   | Reached XP level 13. HP: 98/103 MP: 0/0
 11937 | Lair:2   | Learned a level 5 spell: Blade Hands
 12308 | Lair:3   | Noticed Nergalle
 12326 | Lair:3   | Killed Nergalle
 12660 | Lair:3   | Identified the +4 whip of Taxation {holy, rPois rF+ Will++
                  | rCorr Str-2}
 12754 | Lair:3   | Noticed Fannar
 12815 | Lair:3   | Killed Fannar
 13083 | Lair:4   | Found a staircase to the Snake Pit.
 13158 | Lair:4   | Reached skill level 5 in Dodging
 13337 | Lair:4   | Reached *** piety under Makhleb
 14136 | Lair:5   | Noticed Sonja
 14147 | Lair:5   | Killed Sonja
 14215 | Lair:5   | Noticed a seven-headed hydra
 14319 | Lair:5   | Killed a seven-headed hydra
 14381 | Lair:5   | Found a stormy altar of Qazlal.
 14412 | Lair:5   | You are sucked into a shaft and drop 1 floor!
 14412 | Lair:6   | Entered Level 6 of the Lair of Beasts
 14418 | Lair:6   | Noticed a catoblepas
 14427 | Lair:6   | Killed a catoblepas
 14528 | Lair:6   | Noticed a four-headed hydra
 14583 | Lair:6   | Killed a four-headed hydra
 14659 | Lair:6   | Reached skill level 10 in Dodging
 14679 | Lair:6   | Reached XP level 14. HP: 110/110 MP: 0/0
 14744 | Lair:6   | Reached skill level 1 in Armour
 14943 | Lair:6   | Found a runed translucent gate.
 14943 | Lair:6   | Found a runed translucent gate.
 14943 | Lair:6   | Found a runed translucent gate.
 14945 | Lair:6   | Noticed Nattfarinn's ghost (journeyman HOFi)
 14945 | Lair:6   | Noticed Geikaofo's ghost (journeyman SpEn)
 14994 | Lair:6   | Reached **** piety under Makhleb
 14995 | Lair:6   | Reached skill level 5 in Armour
 14996 | Lair:6   | Found a basalt altar of Yredelemnul.
 15018 | Lair:6   | Identified the +1 leather armour of Entitlement {Will+
                  | rCorr Str+2 Int-4}
 16070 | Lair:5   | Noticed Rupert
 16444 | Lair:5   | HP: 1/110 [Rupert (10)]
 16459 | Lair:5   | Killed Rupert
 16634 | Lair:5   | Found a staircase to the Slime Pits.
 16683 | Lair:5   | Found a viscous altar of Jiyva.
 17014 | Lair:5   | Identified the +5 falchion "Haafuotu" {freeze, rPois}
 17852 | D:11     | Found Custyuss's Weapon Boutique.
 17921 | D:11     | Found a staircase to the Orcish Mines.
 18102 | D:11     | Reached skill level 10 in Armour
 18163 | D:11     | Found Hyeroegh's Book Shoppe.
 18190 | D:11     | Reached skill level 1 in Invocations
 18368 | D:11     | Found Rustrur's Magic Scroll Shop.
 18374 | D:11     | Found Biompif's Book Shop.
 18376 | D:11     | Bought a scroll of identify for 26 gold pieces
 18376 | D:11     | Bought a scroll of identify for 26 gold pieces
 18376 | D:11     | Bought a scroll of fear for 45 gold pieces
 18376 | D:11     | Bought a scroll of identify for 26 gold pieces
 19719 | D:12     | Noticed Gastronok
 19730 | D:12     | Killed Gastronok
 19731 | D:12     | Reached XP level 15. HP: 105/114 MP: 0/0
 19731 | D:12     | Learned a level 6 spell: Eringya's Noxious Bog
 20439 | D:12     | Reached ***** piety under Makhleb
 20485 | D:12     | Reached skill level 5 in Invocations
 21040 | D:13     | Found a large runed translucent door.
 21040 | D:13     | Found a large runed translucent door.
 21047 | D:13     | Noticed Asabatre's ghost (journeyman MiBe)
 22375 | D:14     | Identified the +1 robe of Ryuplous {Harm rC+}
 22766 | D:14     | Noticed Josephine
 22778 | D:14     | Killed Josephine
 23116 | D:14     | Found a gate to the Vaults.
 23174 | D:15     | Entered Level 15 of the Dungeon
 23253 | D:15     | Reached skill level 10 in Invocations
 23472 | D:15     | Found a portal to a secret trove of treasure.
 23783 | D:15     | Found a staircase to the Depths.
 24586 | Orc:1    | Entered Level 1 of the Orcish Mines
 24586 | Orc:1    | You are sucked into a shaft and drop 1 floor!
 24586 | Orc:2    | Entered Level 2 of the Orcish Mines
 24672 | Orc:2    | Noticed Blork the orc
 24675 | Orc:2    | Noticed Saint Roka
 24693 | Orc:2    | Killed Blork the orc
 24708 | Orc:2    | Found Luefev's Antique Weapon Emporium.
 24798 | Orc:2    | Found Adet's Antique Armour Emporium.
 24823 | Orc:2    | HP: 5/114 [warg (1)]
 24836 | Orc:2    | HP: 5/114 [warg (5)]
 24842 | Orc:2    | Mangled by an ogre

Illustrated notes

Levels and vault maps discovered:
D:1:      minmay_arrival_cross, layout_basic, chequers_ecumenical_altar_grove
D:2:      layout_basic, basic_altar
D:3:      layout_basic
D:4:      layout_basic, minitemple
D:5:      layout_loops_ring, lemuel_temple_firewalk_b
D:6:      layout_basic, kennysheep_mini
D:7:      layout_gridville, grunt_ministairs_8, uniq_maggie
D:8:      layout_cave_pools, uniq_psyche, uniq_grum
D:9:      layout_loops_ring, minmay_lair_entry_grove,
          kennysheep_cross_bottleneck
D:10:     layout_loops_ring, okawaru_altar_gauntlet_db, old_standard_altar,
          chequers_serial_rivers_micro_b, glass_columns_b, uniq_maurice
D:11:     layout_long_grid, minmay_orc_entry_temple_large, serial_shops, shop,
          nicolae_shop_crystal, nicolae_diamond_shop, nicolae_shop_stone,
          nicolae_shop_trees, hangedman_misty_isle
D:12:     cheibrodos_frozen_isle, layout_loops_cross, uniq_gastronok
D:13:     layout_basic, ebering_ghost_disaster_area, st_stairs_10
D:14:     layout_loops_ring, ximxim_vaults_locker_room, minmay_misc_feat_roman,
          uniq_josephine
D:15:     grunt_enter_depths_hoard, layout_basic, gauntlet_entry_generic,
          nicolae_trove_entry_columns, kiku_gazebo_pond_becter
Temple:   nicolae_temple_elliptical
Lair:1:   layout_hall_layers, special_room [special_room_bee],
          grunt_megastairs_3
Lair:2:   layout_roguey, minmay_swamp_entry_worms, serial_bayou_shore_a
Lair:3:   layout_gridlike, infiniplex_staircase_pool, uniq_fannar, uniq_nergalle
Lair:4:   layout_loops_ring, guppyfry_snake_entry_island,
          chequers_serial_rivers_large_b
Lair:5:   layout_long_grid, slime_altar_1, basic_altar, st_stairs_7,
          nicolae_lair_grazing_beasts [nicolae_sub_lair_graze_edge,
          nicolae_sub_lair_graze_edge, nicolae_sub_lair_graze_edge,
          nicolae_sub_lair_graze_edge], uniq_rupert, uniq_sonja
Lair:6:   hangedman_lair_in_review, layout_long_grid, gammafunk_ghost_cemetery,
          basic_altar, lemuel_fruit_fields
Orc:1:    layout_caves, uniq_snorg
Orc:2:    grunt_orc_cross, layout_diamond_mine, serial_shops, shop,
          nicolae_shop_overcharged_wands, uniq_saint_roka, uniq_erolcha

Skill      XL: |  1  2  3  4  5  6  7  8  9 10 11 12 13 14 15 |
---------------+----------------------------------------------+-----
Spellcasting   | 3 4 5 6 8 11 12 | 12.0
Fighting       | 3 7 10 13 | 13.0
Long Blades    | 3 6 |  6.2
Dodging        | 10 | 10.6
Armour         | 10 | 10.6
Invocations    | 4 10 | 10.9
Stealth        | |  1.5

Action                   |  1- 3 |  4- 6 |  7- 9 | 10-12 | 13-15 || total
-------------------------+-------+-------+-------+-------+-------++-------
Melee: Unarmed           |     1 |     4 |       |       |       ||     5
       Whip              |       |       |    86 |    94 |       ||   180
       Punch             |       |       |     2 |     1 |       ||     3
       Falchion          |       |       |       |    37 |       ||    37
       Battleaxe         |       |       |       |   100 |   454 ||   554
 Cast: Sting             |    78 |    54 |       |     5 |    66 ||   203
       Poisonous Vapours |       |    37 |    59 |    32 |    25 ||   153
       Mephitic Cloud    |       |     3 |    14 |    24 |    26 ||    67
       Olgreb's Toxic Ra |       |     2 |    10 |    45 |    56 ||   113
       Call Canine Famil |       |       |    14 |    32 |    33 ||    79
       Inner Flame       |       |       |     6 |    19 |     1 ||    26
       Pain              |       |       |       |     4 |     1 ||     5
       Cause Fear        |       |       |       |    23 |    18 ||    41
       Eringya's Noxious |       |       |       |       |    13 ||    13
Evoke: Wand              |       |       |       |     5 |     9 ||    14
       Phantom mirror    |       |       |       |       |     2 ||     2
       Tin of tremorston |       |       |       |       |     1 ||     1
  Use: Scroll            |       |     3 |     5 |     4 |    17 ||    29
       Potion            |       |       |       |     1 |    14 ||    15
 Stab: Confused          |       |       |     1 |       |     5 ||     6
       Distracted        |       |       |     1 |       |     4 ||     5
       Sleeping          |       |       |       |     1 |     3 ||     4
       Petrified         |       |       |       |       |     1 ||     1
Armor: Robe              |    12 |     4 |    10 |    71 |    30 ||   127
       Skin              |       |       |       |       |     4 ||     4
       Leather armour    |       |       |       |       |   113 ||   113
Dodge: Dodged            |    31 |    35 |    58 |   196 |   476 ||   796

Table legend: (Time is in decaauts)
 A = Elapsed time spent in this place.
 B = Non-inter-level travel time spent in this place.
 C = Inter-level travel time spent in this place.
 D = Time resting spent in this place.
 E = Time spent auto-exploring this place.
 F = Levels seen in this place.
 G = Mean time per level.
                   A        B        C        D        E       F      G
               +--------+--------+--------+--------+--------+-----+--------+
         Total |  25300 |  22593 |   2707 |   2768 |  15104 |  24 | 1054.2 |
       Dungeon |  17524 |  15630 |   1894 |   2073 |  10376 |  15 | 1168.3 |
        Temple |    146 |    122 |     24 |      0 |    109 |   1 |  146.0 |
          Lair |   7355 |   6567 |    788 |    597 |   4603 |   6 | 1225.8 |
  Orcish Mines |    273 |    273 |      0 |     98 |     16 |   2 |  136.5 |
               +--------+--------+--------+--------+--------+-----+--------+

Top non-repeatable levels by time:
  Lair:6: 2108 daAuts
    D:12: 2097 daAuts
     D:1: 1662 daAuts
  Lair:5: 1413 daAuts
    D:14: 1359 daAuts
     D:7: 1247 daAuts
     D:4: 1239 daAuts
    D:11: 1215 daAuts
    D:15: 1211 daAuts
    D:13: 1171 daAuts
     D:5: 1145 daAuts
     D:9: 1083 daAuts
  Lair:2: 1054 daAuts
  Lair:1: 1028 daAuts
     D:6: 1014 daAuts
